 Dungeon Crawl Stone Soup version 0.24-a0-317-g5cb8de4 (webtiles) character file.

Game seed: 14467867085028568515

21 mhoghedin the Gusty (level 2, -3/20 HPs)
             Began as a Demigod Air Elementalist on May 16, 2019.
             Slain by a bullfrog skeleton (5 damage)
             ... on level 2 of the Dungeon.
             The game lasted 00:02:56 (1297 turns).

mhoghedin the Gusty (Demigod Air Elementalist)      Turns: 1297, Time: 00:02:57

Health: -3/20      AC:  2    Str: 11    XL:     2   Next: 45%
Magic:  2/7        EV: 12    Int: 19    God:
Gold:   75         SH:  0    Dex: 16    Spells: 3/4 levels left

rFire    . . .     SeeInvis .   d - +0 whip
rCold    . . .     Gourm    .   (no shield)
rNeg     . . .     Faith    .   a - +0 robe
rPois    .         Spirit   .   (no helmet)
rElec    .         Reflect  .   (no cloak)
rCorr    .         Harm     .   (no gloves)
MR       .....                  (no boots)
Stlth    ++........             (no amulet)
HPRegen  0.06/turn              h - ring of flight {+Fly, !d}
MPRegen  0.10/turn              (no ring)

@: very slightly contaminated
A: high mp 1
a: Evoke Flight


You were on level 2 of the Dungeon.
You were hungry.

You visited 1 branch of the dungeon, and saw 2 of its levels.

You collected 75 gold pieces.

Inventory:

Hand Weapons
 d - a +0 whip (weapon)
   (You took it off a kobold on level 1 of the Dungeon)
Armour
 a - a +0 robe (worn)
Jewellery
 h - a ring of flight (left hand) {+Fly, !d}
   (You found it on level 1 of the Dungeon)
Scrolls
 b - 2 scrolls of identify {unknown}
 e - 2 scrolls of amnesia {unknown}
 f - a scroll of teleportation {unknown}
Comestibles
 c - 4 rations
 g - a chunk of flesh {@w0}


   Skills:
 - Level 1.7 Dodging
 - Level 1.7 Stealth
 - Level 1.7 Spellcasting
 + Level 1.7 Conjurations
 + Level 3.2 Air Magic


You had 3 spell levels left.
You knew the following spells:

 Your Spells              Type           Power        Failure   Level  Hunger
a - Shock                 Conj/Air       ##..         6%          1    #......

Your spell library contained the following spells:

 Spells                   Type           Power        Failure   Level  Hunger
 Swiftness                Chrm/Air       #.......     14%         2    ###....
 Static Discharge         Conj/Air       ##......     19%         3    ###....
 Airstrike                Air            ##........   43%         4    #####..
 Lightning Bolt           Conj/Air       ##........   86%         5    ######.


Dungeon Overview and Level Annotations

Branches:
Dungeon (2/15)


Innate Abilities, Weirdness & Mutations

You have an increased reservoir of magic. (+10% MP)


Message History

The zap misses the hobgoblin.
The zap hits the hobgoblin.
The hobgoblin barely misses you.
You now have 6/7 mp.
You miscast Shock.
You are very lightly contaminated with residual magic.
You feel a strange surge of energy! The hobgoblin hits you.
You take 2 damage, and have 18/20 hp.
You now have 5/7 mp.
You miscast Shock.
Nothing appears to happen.
The hobgoblin closely misses you.
You now have 4/7 mp.
Okay, then.
Unknown command.
The hobgoblin barely misses you.
The kobold throws a stone.
The stone closely misses you.
You climb upwards.
There is a stone staircase leading down here.
The zap hits the hobgoblin but does no damage.
The zap misses the hobgoblin.
The hobgoblin barely misses you.
You now have 3/7 mp.
The zap hits the hobgoblin. x2
You kill the hobgoblin!
You now have 2/7 mp.
There is a stone staircase leading down here.
You see here a hobgoblin corpse.
You butcher the hobgoblin corpse.
g - a chunk of flesh {@w0} You see here a hobgoblin skeleton.
You start resting.
Your magical contamination has completely faded away.
Health restored: 20 You regained 3 mp, and now have 6/7 mp.
There is a stone staircase leading down here.
There is a stone staircase leading down here.
MP restored: 7 You climb downwards.
A frilled lizard and a skeleton come into view.
There is a stone staircase leading up here.
Okay, then.
Unknown command.
Unknown command.
Unknown command.
Okay, then.
A rat comes into view.
The bullfrog skeleton hits you.
The bullfrog skeleton barely misses you.
You see here a flail.
You take 4 damage, and have 16/20 hp.
A goblin comes into view. It is wielding a +0 dagger.
The zap hits the goblin.
You kill the goblin!
The bullfrog skeleton hits you but does no damage.
You now have 6/7 mp.
Okay, then.
Unknown command.
The rat barely misses you. The bullfrog skeleton hits you.
You take 5 damage, and have 11/20 hp.
MASSIVE DAMAGE!!
Okay, then.
Unknown command.
You are feeling hungry.
The rat barely misses you.
You see here a +0 dagger.
The rat barely misses you.
Okay, then.
Unknown command.
The rat closely misses you. The bullfrog skeleton hits you.
You take 3 damage, and have 8/20 hp.
Unknown command.
Okay, then.
Unknown command.
The bullfrog skeleton hits you.
You take 1 damage, and have 7/20 hp.
Okay, then.
Unknown command.
The rat closely misses you. The bullfrog skeleton hits you.
* * * LOW HITPOINT WARNING * * *
You take 6 damage, and have 1/20 hp.
MASSIVE DAMAGE!!
You aren't carrying any potions.
You see here a ration.
You miscast Shock.
You are very lightly contaminated with residual magic.
Nothing appears to happen.
The rat misses you.
You now have 5/7 mp.
The zap hits the rat.
The zap hits the bullfrog skeleton. x2
The rat barely misses you.
The zap hits the rat.
You kill the rat!
The zap hits the bullfrog skeleton. x2
The bullfrog skeleton barely misses you.
You now have 4/7 mp.
Okay, then.
Unknown command.
Found an escape hatch in the floor.
The bullfrog skeleton misses you.
The zap hits the bullfrog skeleton. x2
The bullfrog skeleton barely misses you.
You now have 3/7 mp.
The zap hits the bullfrog skeleton. x2; The bullfrog skeleton hits you.
You die...

....###)#####.[
#.######.# #
##)..# ##..###
#..## ##†##
#?%#
###.#Z###.####
#...%.@.>.....
#.#######.####


You could see a bullfrog skeleton.

Vanquished Creatures
  2 dart slugs (D:1)
  2 goblins
  4 hobgoblins (D:1)
  3 kobolds (D:1)
  2 bats (D:1)
  3 rats
16 creatures vanquished.

Notes
Turn   | Place    | Note
-------+----------+-------------------------------------------
     0 | D:1      | mhoghedin the Demigod Air Elementalist began the quest for
                  | the Orb.
     0 | D:1      | Reached XP level 1. HP: 14/14 MP: 5/5
    36 | D:1      | Reached skill level 1 in Conjurations
   360 | D:1      | Reached skill level 3 in Air Magic
   847 | D:1      | Reached XP level 2. HP: 20/20 MP: 2/7
  1289 | D:2      | HP: 1/20 [bullfrog skeleton (6)]
  1297 | D:2      | Slain by a bullfrog skeleton

Levels and vault maps discovered:
D:1:      minmay_arrival_five_plusses, layout_loops_cross
D:2:      layout_rooms, uniq_sigmund, uniq_terence, uniq_natasha

Skill      XL: |  1 |
---------------+----+-----
Conjurations   | 1 |  1.7
Air Magic      | 3 |  3.2
Dodging        | |  1.7
Stealth        | |  1.7
Spellcasting   | |  1.7

Action                   || total
-------------------------++-------
 Cast: Shock             ||    32
  Eat: Chunk             ||     1
Armor: Robe              ||     3
Dodge: Dodged            ||    24

Table legend:
 A = Non-vault XP
 B = Vault XP
 C = Vault XP percentage of total XP
 D = Non-vault monster count
 E = Vault monster count
 F = Vault count percentage of total count
                 A         B        C        D         E       F
            +---------+---------+-------+---------+---------+-------
      Total |      30 |       0 |   0.0 |      16 |       0 |   0.0
            +---------+---------+-------+---------+---------+-------
        D:1 |      27 |       0 |   0.0 |      14 |       0 |   0.0
        D:2 |       3 |       0 |   0.0 |       2 |       0 |   0.0
            +---------+---------+-------+---------+---------+-------

Levels and vault maps discovered:
D:1:      minmay_arrival_five_plusses, layout_loops_cross
D:2:      layout_rooms, uniq_sigmund, uniq_terence, uniq_natasha

Table legend:
 A = Turns spent in this place as a percentage of turns spent in the entire game.
 B = Non-inter-level travel turns spent in this place as a percentage of non-inter-level travel turns spent in the entire game.
 C = Inter-level travel turns spent in this place as a percentage of turns spent in this place.
 D = Turns resting spent in this place as a percentage of non-inter-level travel turns spent in this place.
 E = Turns spent auto-exploring this place as a percentage of non-inter-level travel turns spent in this place.
 F = Non-inter-level travel turns spent in this place divided by the number of levels of this place that you've seen.
                   A       B       C       D       E      F
               +-------+-------+-------+-------+-------+----------------------
         Total | 100.0 | 100.0 |   7.9 |  45.6 |  42.5 | 597.5
       Dungeon | 100.0 | 100.0 |   7.9 |  45.6 |  42.5 | 597.5
               +-------+-------+-------+-------+-------+----------------------

Table legend:
 A = Kills in this place as a percentage of kills in entire the game.
 B = Kills by you in this place as a percentage of kills by you in the entire game.
 C = Kills by friends in this place as a percentage of kills by friends in the entire game.
 D = Other kills in this place as a percentage of other kills in the entire game.
 E = Experience gained in this place as a percentage of experience gained in the entire game.
 F = Experience gained in this place divided by the number of levels of this place that you have seen.
                   A       B       C       D       E      F
               +-------+-------+-------+-------+-------+----------------------
         Total | 100.0 | 100.0 |   N/A |   N/A | 100.0 |  15.0
       Dungeon | 100.0 | 100.0 |   N/A |   N/A | 100.0 |  15.0
               +-------+-------+-------+-------+-------+----------------------
